 Dungeon Crawl Stone Soup version 0.23-a0-622-g59b4ea9 (webtiles) character file.

70 Cecillian the Bolt Thrower (level 4, -2/28 HPs)
             Began as a Kobold Hunter on Dec 23, 2018.
             Slain by an iguana (12 damage)
             ... on level 2 of the Dungeon.
             The game lasted 00:02:39 (2241 turns).

Cecillian the Bolt Thrower (Kobold Hunter)          Turns: 2241, Time: 00:02:40

Health: -2/28      AC:  3    Str:  9    XL:     4   Next: 44%
Magic:  4/4        EV: 14    Int: 12    God:
Gold:   101        SH:  0    Dex: 16    Spells: 3/3 levels left

rFire    . . .     SeeInvis .   a - +1 hand crossbow
rCold    + . .     Gourm    .   (shield restricted)
rNeg     . . .     Faith    .   c - +0 leather armour
rPois    .         Spirit   .   (no helmet)
rElec    .         Reflect  .   (no cloak)
rCorr    .         Harm     .   (no gloves)
MR       .....                  (no boots)
Stlth    ++........             (no amulet)
HPRegen  0.09/turn              p - ring of protection from cold
MPRegen  0.09/turn              (no ring)

@: no status effects
A: small, carnivore
a: no special abilities


You were on level 2 of the Dungeon.
You were very full.

You visited 1 branch of the dungeon, and saw 2 of its levels.

You collected 101 gold pieces.

Inventory:

Hand Weapons
 a - a +1 hand crossbow (weapon)
 b - a +0 short sword
Missiles
 d - 3 bolts (quivered)
 o - 22 poisoned needles
Armour
 c - a +0 leather armour (worn)
Jewellery
 p - a ring of protection from cold (left hand)
Scrolls
 e - 2 scrolls of identify {unknown}
 g - 2 scrolls of fear {unknown}
 h - a scroll of fog {unknown}
 i - 2 scrolls of blinking {unknown}
 j - a scroll of remove curse {unknown}
 l - a scroll of teleportation {unknown}
 n - a scroll of enchant weapon {unknown}
 q - a scroll of amnesia {unknown}
Potions
 k - a potion of mutation {unknown}
 m - a potion of brilliance {unknown}
Comestibles
 f - 4 rations
 r - 2 chunks of flesh


   Skills:
 + Level 3.2 Fighting
 * Level 6.2 Crossbows
 - Level 2.4 Dodging
 - Level 1.3 Stealth


You had 3 spell levels left.
You didn't know any spells.
Your spell library was empty.

Dungeon Overview and Level Annotations

Branches:
Dungeon (2/15)

Altars:


Innate Abilities, Weirdness & Mutations

You are small and have problems with some larger weapons.
You are carnivorous and can eat meat at any time.


Message History

Press: ? - help, Shift-Dir - straight line, f/p - iguana
Aim: an iguana (heavily wounded)
You shoot a bolt. The bolt barely misses the iguana.
The iguana bites you!
Firing (i - inventory)
d - 6 bolts (quivered)
Press: ? - help, Shift-Dir - straight line, f/p - iguana
Aim: an iguana (heavily wounded)
You shoot a bolt. The bolt barely misses the iguana.
The iguana barely misses you. The iguana misses you.
Firing (i - inventory)
d - 5 bolts (quivered)
Press: ? - help, Shift-Dir - straight line, f/p - iguana
Aim: an iguana (heavily wounded)
You shoot a bolt. The bolt barely misses the iguana.
The iguana barely misses you.
Firing (i - inventory)
d - 4 bolts (quivered)
Press: ? - help, Shift-Dir - straight line, f/p - iguana
Aim: an iguana (heavily wounded)
You shoot a bolt. The bolt hits the iguana.
The iguana is heavily wounded.
The iguana bites you!
You die...

##...P.# #.# #...†.#
###.## ###.....###
#...>.
..#.......####.....
#.#######...<...... #.
#####.#.... #.
#######.###...
.#####.####......## ##.#
(..((.l@....#####.###.##
..........### ##...##
######.##.# ##.#.## #.
#.#######.###.## #.
#........## ##.# #.
#######.## ##. #. #..##
##.P #. #.#.###.#.
#....#...P


You could see an iguana.

Vanquished Creatures
  3 adders (D:2)
  An adder zombie (D:2)
  An adder skeleton (D:2)
  A worm (D:2)
  3 dart slugs
  2 bat skeletons (D:2)
  5 goblins
  2 hobgoblins (D:2)
  2 kobolds
  A ball python skeleton (D:2)
  3 bats
  3 frilled lizards (D:1)
  A jackal zombie (D:2)
  4 rats
32 creatures vanquished.

Notes
Turn   | Place    | Note
-------+----------+-------------------------------------------
     0 | D:1      | Cecillian the Kobold Hunter began the quest for the Orb.
     0 | D:1      | Reached XP level 1. HP: 12/12 MP: 1/1
   104 | D:1      | Reached skill level 5 in Crossbows
   378 | D:1      | Reached XP level 2. HP: 18/18 MP: 2/2
  1256 | D:2      | Reached XP level 3. HP: 22/22 MP: 3/3
  1862 | D:2      | Reached skill level 6 in Crossbows
  1862 | D:2      | Reached XP level 4. HP: 17/28 MP: 4/4
  2241 | D:2      | Slain by an iguana

Vault maps used:
D:1:      co_arrival_square_in_a_square_in_a_square, wad_floor_pattern_1,
          serial_bayou_pond_d
D:2:      serial_undead, serial_undead_d, serial_undead_e, serial_undead_e,
          serial_undead_d, serial_undead_d, serial_undead_b, serial_undead_f,
          uniq_sigmund, uniq_terence

Skill      XL: |  1  2  3 |
---------------+----------+-----
Crossbows      | 5 6 |  6.2
Fighting       | 3 |  3.2
Dodging        | |  2.4
Stealth        | |  1.3

Action                   |  1- 3 |  4- 6 || total
-------------------------+-------+-------++-------
Melee: Short sword       |    84 |     3 ||    87
 Fire: Hand crossbow     |    27 |    19 ||    46
  Eat: Chunk             |     9 |     3 ||    12
Armor: Leather armour    |    25 |     2 ||    27
Dodge: Dodged            |    70 |    10 ||    80

Table legend:
 A = Non-vault XP
 B = Vault XP
 C = Vault XP percentage of total XP
 D = Non-vault monster count
 E = Vault monster count
 F = Vault count percentage of total count
                 A         B        C        D         E       F
            +---------+---------+-------+---------+---------+-------
      Total |      83 |      17 |  17.0 |      26 |       6 |  18.8
            +---------+---------+-------+---------+---------+-------
        D:1 |      20 |       0 |   0.0 |      13 |       0 |   0.0
        D:2 |      63 |      17 |  21.2 |      13 |       6 |  31.6
            +---------+---------+-------+---------+---------+-------
